 Dungeon Crawl Stone Soup version 0.29.1-15-g9cfb28693d (webtiles) character file.

Game seed: 15800430148539813791

627 booth the Firebug (level 7, 0/41 HPs)
             Began as a Demonspawn Fire Elementalist on Mar 6, 2023.
             Was a Follower of Hepliaklqana.
             Slain by a gnoll bouda
             ... wielding a +0 club
              (12 damage)
             ... on level 3 of the Dungeon on Mar 7, 2023.
             The game lasted 00:37:39 (5615 turns).

booth the Firebug (Demonspawn Fire Elementalist)    Turns: 5615, Time: 00:37:40

Health: 0/41       AC:  3    Str:  9    XL:     7   Next: 23%
Magic:  0/12       EV: 13    Int: 18    God:    Hepliaklqana [*.....]
Gold:   210        SH:  4    Dex: 13    Spells: 6/12 levels left

rFire   . . .      SeeInvis .   f - +0 dagger
rCold   . . .      Faith    .   (no shield)
rNeg    . . .      Spirit   +   a - +0 robe
rPois   .          Reflect  .   (no helmet)
rElec   .          Harm     .   (no cloak)
rCorr   .          Rampage  .   t - +0 pair of gloves
Will    .....                   (no boots)
Stlth   ++........              m - amulet of guardian spirit
HPRegen 0.13/turn               (no ring)
MPRegen 0.13/turn               (no ring)

@: weakened
A: reduced essence, hooves 2, large bone plates 1, ignite blood 1
a: Renounce Religion, Recall Ancestor, Ancestor Identity


You were on level 3 of the Dungeon.
You worshipped Hepliaklqana.
Hepliaklqana was aware of your devotion.
You visited 1 branch of the dungeon, and saw 4 of its levels.

You collected 210 gold pieces.

Inventory:

Hand Weapons
 f - a +0 dagger (weapon)
 k - the +3 whip "Igestry" {pain, rC- Dex+5}
   (You found it on level 2 of the Dungeon)

   In the hands of one skilled in necromantic magic, it inflicts extra damage on
   living creatures.
   Dex:       It affects your dexterity (+5).
   rC:        It makes you vulnerable to cold.
 n - a +4 flail of protection
Missiles
 c - 5 curare-tipped darts (quivered)
Armour
 a - a +0 robe (worn)
 d - a +0 leather armour
 o - the +1 ring mail of Loss {SInv}
   (You found it on level 3 of the Dungeon)

   SInv:      It lets you see invisible.
 p - a +3 chain mail of fire resistance
 q - the +1 chain mail of Utholick {Str+2}
   (You found it on level 3 of the Dungeon)

   Str:       It affects your strength (+2).
 t - a +0 pair of gloves (worn)
Jewellery
 m - an amulet of guardian spirit (around neck)
Scrolls
 s - a scroll of amnesia
Potions
 b - a potion of magic
 e - a potion of curing
 g - a potion of attraction
 h - a potion of resistance {unknown}
 i - a potion of berserk rage {unknown}
 j - a potion of cancellation {unknown}
 l - a potion of brilliance
 r - a potion of mutation {unknown}


   Skills:
 + Level 1.3 Armour
 + Level 3.4 Dodging
 + Level 3.4 Stealth
 + Level 3.4 Spellcasting
 + Level 3.1 Conjurations
 * Level 4.6 Fire Magic


You had 6 spell levels left.
You knew the following spells:

 Your Spells              Type           Power      Damage    Failure   Level
a - Foxfire               Conj/Fire      68%        2x1d7     3%          1
b - Scorch                Fire           38%        2d6       3%          2
c - Conjure Flame         Conj/Fire      17%        6-21      10%         3

Your spell library contained the following spells:

 Spells                   Type           Power      Damage    Failure   Level
 Inner Flame              Hex/Fire       11%        N/A       19%         3
 Flame Wave               Conj/Fire      17%        2d7       30%         4


Dungeon Overview and Level Annotations

Branches:
Dungeon (4/15)
 Temple: D:4-7

Altars:
Hepliaklqana
Sif Muna

Shops:
D:2 (   D:3 :


Innate Abilities, Weirdness & Mutations

Your life essence is reduced to manifest your ancestor. (-10% HP)
You have hoof-like feet.
You are partially covered in large bone plates. (SH +4)
Your demonic aura sometimes causes spilled blood to erupt in flames.


Message History

The gnoll bouda is healed somewhat.
The orc attacks as you move away! You block the orc's attack.
The gnoll bouda gazes fiercely through you!
You feel your attacks grow feeble.
Casting: Scorch (safe; 3% risk of failure)
Confirm with . or Enter, or press ? or * to list all spells.
Flames lash the orc.
The orc is moderately wounded.
The orc's fire resistance burns away.
The orc hits you with a +0 hand axe. The orc attacks as you move away!
The orc hits you with a +0 hand axe.
Your attacks no longer feel as feeble.
Casting: Scorch (safe; 3% risk of failure)
Confirm with . or Enter, or press ? or * to list all spells.
You don't have enough magic to cast this spell.
You hit the orc. You kick the orc.
You kill the orc!
Casting: Scorch (safe; 3% risk of failure)
Confirm with . or Enter, or press ? or * to list all spells.
You conjure some foxfire!
The gnoll bouda barely misses you.
You barely miss the gnoll bouda.
The gnoll bouda is heavily wounded.
The foxfire hits the gnoll bouda but does no damage.
The gnoll bouda is heavily wounded.
The foxfire hits the gnoll bouda.
The gnoll bouda is severely wounded.
The gnoll bouda gazes fiercely through you!
You feel your attacks grow feeble.
The gnoll bouda hits you with a +0 club!
You hit the gnoll bouda but do no damage.
You kick the gnoll bouda.
The gnoll bouda is severely wounded.
The gnoll bouda hits you with a +0 club.
* * * LOW HITPOINT WARNING * * *
Casting: Foxfire (safe; 3% risk of failure)
Confirm with . or Enter, or press ? or * to list all spells.
You don't have enough magic to cast this spell.
You barely miss the gnoll bouda. Your kick misses the gnoll bouda.
The gnoll bouda is severely wounded.
The gnoll bouda hits you with a +0 club!
You die...

####### ##.....# #..###.#
#.####.### #.##..##.# #.##.##..#
################## #.##.#.###
.................# #.###.###
.......)........@# #.##.##.##
.....#.#########g#######.##.#.#.#
.###.#.# #.#........#..##.#
..#..#.## #.#.###########.##
#..#....### #.#.# #.##_##
..#.......# #.#.# #.####
####....#.######.#.# #.# .#
#.#.##.#...)>.#.# ##.## .#
#.#.##.#.##.....# ##...##


You could see a gnoll bouda.

Vanquished Creatures
  Sigmund (D:3)
  Edmund (D:3)
  A scorpion (D:4)
  An orc priest (D:4)
  9 gnolls
  4 adders
  3 dart slugs
  10 orcs
  12 ball pythons
  3 bats
  8 endoplasms
  A giant cockroach (D:3)
  3 goblins
  8 hobgoblins
  4 jackals (D:1)
  2 quokkas (D:2)
  6 frilled lizards
  6 kobolds
  4 rats
87 creatures vanquished.

Vanquished Creatures (collateral kills)
  A hound (D:4)
  A gnoll (D:4)
  A foxfire (D:2)
3 creatures vanquished.

Vanquished Creatures (others)
  3 ancestors (D:4)
  188 foxfires
  6 plants (D:2)
197 creatures vanquished.

Grand Total: 287 creatures vanquished

Notes
Turn   | Place    | Note
-------+----------+-------------------------------------------
     0 | D:1      | booth the Demonspawn Fire Elementalist began the quest for
                  | the Orb.
     0 | D:1      | Reached XP level 1. HP: 13/13 MP: 3/3
   457 | D:1      | Found a faded altar of an unknown god.
   509 | D:1      | Gained mutation: You have large cloven feet. [demonic
                  | ancestry]
   509 | D:1      | Reached XP level 2. HP: 16/19 MP: 3/5
   512 | D:1      | Learned a level 2 spell: Scorch
  1555 | D:1      | Reached skill level 3 in Fire Magic
  1555 | D:1      | Gained mutation: You are partially covered in large bone
                  | plates. (SH +4) [demonic ancestry]
  1555 | D:1      | Reached XP level 3. HP: 16/24 MP: 0/6
  1731 | D:1      | Learned a level 3 spell: Conjure Flame
  2514 | D:2      | Found Boamylir's Antique Weapon Emporium.
  2921 | D:2      | Identified the +3 whip "Igestry" {pain, rC- Dex+5}
  3273 | D:3      | Gained mutation: Your demonic aura sometimes causes spilled
                  | blood to erupt in flames. [demonic ancestry]
  3273 | D:3      | Reached XP level 4. HP: 30/30 MP: 7/7
  3286 | D:3      | Found a hazy altar of Hepliaklqana.
  3290 | D:3      | Became a worshipper of Hepliaklqana the Forgotten
  3817 | D:3      | Identified the +1 ring mail of Loss {SInv}
  3880 | D:3      | Found Pulezed's Book Shoppe.
  3951 | D:3      | Noticed Sigmund
  4044 | D:3      | Killed Sigmund
  4045 | D:3      | Gained mutation: You have hoof-like feet. [demonic
                  | ancestry]
  4045 | D:3      | Reached XP level 5. HP: 33/35 MP: 0/9
  4060 | D:3      | Identified the +1 chain mail of Utholick {Str+2}
  4235 | D:4      | Found a shimmering blue altar of Sif Muna.
  4247 | D:4      | Reached * piety under Hepliaklqana
  4264 | D:4      | Reached skill level 4 in Fire Magic
  4264 | D:4      | Reached XP level 6. HP: 25/36 MP: 4/10
  4904 | D:4      | Reached skill level 1 in Armour
  5074 | D:4      | Noticed Edmund
  5310 | D:3      | Killed Edmund
  5311 | D:3      | Reached XP level 7. HP: 6/41 MP: 0/12
  5615 | D:3      | Slain by a gnoll bouda

Illustrated notes

Levels and vault maps discovered:
D:1:      co_arrival_random_square_maze, layout_basic,
          hellmonk_ecumenical_altar_crossroads, nicolae_figureground_sparkle
D:2:      layout_rooms, serial_shops,
          nicolae_shop_temple_entry_statues_fountains, serial_forest,
          infiniplex_forest_clump_diagonal, infiniplex_forest_end_2,
          infiniplex_forest_lined_4_way, infiniplex_forest_split,
          infiniplex_forest_clump_double, infiniplex_forest_straight_2,
          infiniplex_forest_clump_medium, infiniplex_forest_clump_curved
D:3:      layout_loops_ring, marbit_many_paths, serial_shops,
          nicolae_lakefront_shop, uniq_sigmund
D:4:      layout_cave_pools, led_sif_book, temple_pool_b, columned_hall_lemuel,
          uniq_edmund

Skill      XL: |  1  2  3  4  5  6 |
---------------+-------------------+-----
Stealth        | 2 3 |  3.4
Dodging        | 2 3 |  3.4
Fire Magic     | 3 4 |  4.6
Conjurations   | 2 3 |  3.1
Spellcasting   | 3 |  3.4
Armour         | 1 |  1.3

Action                   |  1- 3 |  4- 6 |  7- 9 || total
-------------------------+-------+-------+-------++-------
Melee: Unarmed           |    38 |       |       ||    38
       Kick              |    23 |    12 |     2 ||    37
       Punch             |     2 |       |       ||     2
       Dagger            |    35 |    33 |     7 ||    75
Throw: Dart              |       |     1 |       ||     1
 Cast: Foxfire           |    58 |    47 |     4 ||   109
       Scorch            |     8 |    16 |     4 ||    28
  Use: Potion            |     2 |     2 |       ||     4
       Scroll            |     1 |     6 |       ||     7
 Stab: Sleeping          |     2 |     3 |       ||     5
Armor: Robe              |    11 |     6 |     1 ||    18
Dodge: Dodged            |    62 |    28 |    17 ||   107
Block: Other             |     5 |     9 |     3 ||    17
